 Dungeon Crawl Stone Soup version 0.29-a0-824-gd827844252 (webtiles) character file.

Game seed: 17301317305075979912

1486 jimonade the Thaumaturge (level 8, -6/46 HPs)
             Began as a Deep Elf Conjurer on July 9, 2022.
             Mangled by a lemure (7 damage)
             ... led by Pikel
             ... on level 9 of the Dungeon on July 10, 2022.
             The game lasted 00:27:56 (8277 turns).

jimonade the Thaumaturge (Deep Elf Conjurer)        Turns: 8277, Time: 00:27:57

Health: -6/46      AC:  2    Str:  6    XL:     8   Next: 50%
Magic:  22/22      EV: 12    Int: 24    God:
Gold:   297        SH:  0    Dex: 13    Spells: 2/23 levels left

rFire   . . .      SeeInvis .   b - +0 shortbow
rCold   . . .      Faith    .   (shield currently unavailable)
rNeg    . . .      Spirit   .   J - +0 robe
rPois   .          Reflect  .   (no helmet)
rElec   .          Harm     .   (no cloak)
rCorr   .          Rampage  .   (no gloves)
Will    .....                   (no boots)
Stlth   ++........              (no amulet)
HPRegen 0.15/turn               (no ring)
MPRegen 0.18/turn               (no ring)

@: about to teleport, studying Shields
A: no striking features
a: no special abilities


You were on level 9 of the Dungeon.
You visited 1 branch of the dungeon, and saw 8 of its levels.
You also visited: Sewer.

You collected 297 gold pieces.

Inventory:

Hand Weapons
 a - a +0 quarterstaff
 b - a +0 shortbow (weapon)
 e - a +0 dagger
 f - a +0 short sword
 m - the +1 hand axe of Slime {freeze, Will+ rCorr Dex+2 SInv}
   (You found it on level 2 of the Dungeon)

   It freezes those it strikes, dealing additional cold damage.
   It can also slow down cold-blooded creatures.
   Dex:       It affects your dexterity (+2).
   SInv:      It lets you see invisible.
   rCorr:     It protects you from acid and corrosion.
   Will:      It increases your willpower.
 p - a +0 spear
 v - a +4 whip
 y - a +2 flail of venom
 D - a +0 trident
 G - a +0 dagger of speed
 K - a +0 sling
Missiles
 g - 49 stones
 l - 4 poisoned darts
 F - 6 javelins
Armour
 d - a +0 ring mail
 i - a +0 scale mail
 j - a +0 chain mail
 n - a +0 chain mail
 t - a +0 leather armour
 J - a +0 robe (worn)
Jewellery
 q - a ring of magical power
 C - an amulet of regeneration
 E - an amulet of guardian spirit
Wands
 c - a wand of roots (8)
 A - a wand of light (8)
Scrolls
 r - a scroll of identify
 B - a scroll of summoning
Potions
 h - 2 potions of invisibility {unknown}
 k - 4 potions of mutation {unknown}
 o - 5 potions of curing
 s - a potion of magic
 u - a potion of flight {unknown}
 x - 3 potions of heal wounds {unknown}
 z - a potion of berserk rage {unknown}
 H - a potion of attraction {unknown}
 I - a potion of brilliance {unknown}


   Skills:
 * Level 3.1 Fighting
 + Level 1.8 Ranged Weapons
 - Level 2.4 Dodging
 - Level 2.4 Stealth
 + Level 8.1 Spellcasting
 + Level 7.2 Conjurations
 * Level 4.4 Hexes
 * Level 3.7 Translocations
 * Level 2.4 Fire Magic


You had 2 spell levels left.
You knew the following spells:

 Your Spells              Type           Power      Damage    Failure   Level
a - Magic Dart            Conj           100%       1d8       1%          1
b - Searing Ray           Conj           88%        2d7       1%          2
c - Fulminant Prism       Conj/Hex       18%        3d11      6%          4
d - Iskenderun's Mystic   Conj/Tloc      36%        2d9       7%          4
e - Conjure Flame         Conj/Fire      32%        6-21      2%          3
f - Inner Flame           Hex/Fire       26%        N/A       4%          3
g - Flame Wave            Conj/Fire      32%        2d8       9%          4

Your spell library contained the following spells:

 Spells                   Type           Power      Damage    Failure   Level
 Foxfire                  Conj/Fire      100%       2x1d9     1%          1
 Dazzling Flash           Conj/Hex       74%        N/A       1%          3
 Confusing Touch          Hex            31%        N/A       3%          3
 Hailstorm                Conj/Ice       27%        3d7       14%         4
 Ice Form                 Ice/Tmut       9%         N/A       54%         4
 Silence                  Hex/Air        10%        N/A       58%         5
 Yara's Violent Unravell  Hex/Tmut       10%        3d6       58%         5
 Agony                    Necr           9%         N/A       87%         5
 Simulacrum               Ice/Necr       4%         N/A       100%        6
 Enfeeble                 Hex            15%        N/A       100%        7


Dungeon Overview and Level Annotations

Branches:
Dungeon (9/15)             Temple (0/1) D:6           Sewer (visited)
   Lair: D:8-11         Orc: D:9-12

Altars:
Fedhas
Kikubaaqudgha
Wu Jian

Annotations:
D:8 Pikel


Message History

HP restored.
A sourceless malevolence fills the Dungeon...
You fall into a shaft and drop 2 floors!
The shaft crumbles and collapses.
Found 8 stones.
Found a stone staircase leading down.
g - 49 stones (gained 8)
There are no items here.
A black bear comes into view.
You open the door.
A bullfrog comes into view.
Found 2 puce potions.
There is an open door here.
There is an open door here.
You close the door.
You open the door.
Pikel and 4 lemures come into view.
Pikel is wielding a +0 whip of freezing and carrying a wand of paralysis (8).
The lemure shouts! x3
You close the door.
A lemure opens the door.
Found a trident.
Something hits you!
Deactivating autopickup; reactivate with Ctrl-A.
You clumsily bash something but do no damage.
Something hits you.
You can't go up here!
Unknown command.
The lemure attacks as you move away! The lemure barely misses you.
Something hits you! x2
There is a stone staircase leading down here.
You can't go up here!
The lemure hits you. Something hits you!
* * * LOW HITPOINT WARNING * * *
You climb downwards.
Reactivating autopickup.
There is a stone staircase leading up here.
As you read the scroll of teleportation, it crumbles to dust.
You feel strangely unstable. The lemure hits you!
* * * LOW HITPOINT WARNING * * *
The lemure attacks as you move away! The lemure hits you!
You die...

.##############
...............
......5@.......
#######...#####
#...D..
.........
.......##
######..# ..#
.#


You could see an acid dragon (asleep) and a lemure.

Vanquished Creatures
  A steam dragon (D:5)
  A water moccasin (D:5)
  An ogre (D:5)
  A centaur (D:5)
  A phantom (D:5)
  2 bullfrogs (Sewer)
  A necrophage (D:4)
  5 scorpions
  A howler monkey (D:5)
  2 hounds
  2 iguanas
  3 orc wizards
  7 gnolls
  9 adders
  A shadow imp (D:6)
  An ufetubus (D:6)
  2 dart slugs
  17 orcs
  10 endoplasms
  11 giant cockroaches
  3 goblins
  5 hobgoblins
  5 jackals
  13 quokkas
  11 ball pythons
  4 bats
  7 frilled lizards
  13 kobolds
  2 rats
  A fulminant prism (D:5)
143 creatures vanquished.

Vanquished Creatures (others)
  16 fulminant prisms
  4 toadstools (D:1)
20 creatures vanquished.

Grand Total: 163 creatures vanquished

Notes
Turn   | Place    | Note
-------+----------+-------------------------------------------
     0 | D:1      | jimonade the Deep Elf Conjurer began the quest for the Orb.
     0 | D:1      | Reached XP level 1. HP: 10/10 MP: 6/6
   360 | D:1      | Reached XP level 2. HP: 15/15 MP: 8/8
   367 | D:1      | Learned a level 2 spell: Searing Ray
   496 | D:1      | Found a faded altar of an unknown god.
   574 | D:1      | Reached skill level 5 in Conjurations
  1106 | D:2      | Identified the +1 hand axe of Slime {freeze, Will+ rCorr
                  | Dex+2 SInv}
  1177 | D:2      | Reached XP level 3. HP: 20/20 MP: 5/9
  1882 | D:3      | Reached skill level 1 in Hexes
  1882 | D:3      | Reached XP level 4. HP: 24/24 MP: 7/11
  2170 | D:3      | Reached skill level 1 in Fighting
  2296 | D:3      | Reached skill level 4 in Spellcasting
  2706 | D:3      | Reached skill level 1 in Translocations
  2960 | D:4      | Reached XP level 5. HP: 29/29 MP: 3/13
  3140 | D:3      | Learned a level 4 spell: Fulminant Prism
  3145 | D:3      | Learned a level 4 spell: Iskenderun's Mystic Blast
  3291 | D:4      | Reached skill level 5 in Spellcasting
  3426 | D:4      | Reached XP level 6. HP: 30/34 MP: 8/16
  4142 | D:4      | Reached skill level 6 in Spellcasting
  4605 | D:5      | Entered Level 5 of the Dungeon
  4622 | D:5      | Reached XP level 7. HP: 39/39 MP: 5/19
  4826 | D:5      | Learned a level 3 spell: Conjure Flame
  5344 | D:5      | Noticed a steam dragon
  5361 | D:5      | Reached skill level 7 in Spellcasting
  5361 | D:5      | Reached skill level 1 in Fire Magic
  5753 | D:4      | Learned a level 3 spell: Inner Flame
  5865 | D:5      | Killed a steam dragon
  5866 | D:5      | Reached XP level 8. HP: 6/45 MP: 13/21
  6399 | D:5      | Found a blossoming altar of Fedhas.
  6763 | D:6      | Found a staircase to the Ecumenical Temple.
  6838 | D:6      | Found an ancient bone altar of Kikubaaqudgha.
  6873 | D:6      | Found a glowing drain.
  6882 | Sewer    | Entered a sewer
  7021 | Sewer    | Learned a level 4 spell: Flame Wave
  7051 | Sewer    | Reached skill level 8 in Spellcasting
  7210 | Sewer    | HP: 2/46 [poisoned by an adder]
  7511 | Sewer    | Reached skill level 1 in Ranged Weapons
  8130 | D:6      | Found an ornate altar of the Wu Jian Council.
  8231 | D:6      | You fall into a shaft and drop 2 floors!
  8265 | D:8      | Noticed Pikel
  8276 | D:9      | HP: 1/46 [lemure[Pikel] (7)]
  8277 | D:9      | Mangled by a lemure

Illustrated notes

Levels and vault maps discovered:
D:1:      ldierk_walled_garden_2, layout_basic, chequers_ecumenical_altar_island
D:2:      layout_basic
D:3:      layout_basic
D:4:      layout_basic, corexii_item_surrounded_by_moat
D:5:      layout_loops_ring, fedhas_altar_fruit_tree, minmay_manual_mail
D:6:      layout_loops_ring, mainiacjoe_overflow_paths,
          mainiacjoe_overflow_alcove_4, minmay_temple_entry_junction_2,
          portal_sewer_entry_f, hex_tiny
D:8:      layout_basic, grunt_gozag_statues, david_lair_generic,
          nicolae_hexahallways, hangedman_abyss_or_decor_stabs, uniq_pikel,
          uniq_erica
D:9:      layout_long_grid, mainiacjoe_overflow_six_doors_small,
          okawaru_gym_becter, nicolae_qazlal_style_of_elements, led_sif_book

Skill      XL: |  1  2  3  4  5  6  7  8 |
---------------+-------------------------+-----
Conjurations   | 5 6 7 |  7.2
Hexes          | 1 2 4 |  4.4
Fighting       | 1 2 3 |  3.1
Spellcasting   | 4 5 6 7 8 |  8.1
Translocations | 1 2 3 |  3.7
Fire Magic     | 1 2 |  2.4
Ranged Weapons | 1 |  1.8
Dodging        | |  2.4
Stealth        | |  2.4

Action                   |  1- 3 |  4- 6 |  7- 9 || total
-------------------------+-------+-------+-------++-------
Melee: Dagger            |     5 |       |       ||     5
       Hand axe          |       |     1 |     1 ||     2
       Shortbow          |       |       |     2 ||     2
 Fire: Shortbow          |       |       |    61 ||    61
 Cast: Magic Dart        |    64 |    54 |     5 ||   123
       Searing Ray       |     4 |    19 |    24 ||    47
       Fulminant Prism   |       |       |    17 ||    17
       Inner Flame       |       |       |     2 ||     2
       Iskenderun's Myst |       |       |     1 ||     1
  Use: Scroll            |       |     4 |     6 ||    10
 Stab: Sleeping          |     2 |       |     1 ||     3
Armor: Robe              |     3 |       |     2 ||     5
Dodge: Dodged            |    10 |    18 |    30 ||    58

Table legend: (Time is in decaauts)
 A = Elapsed time spent in this place.
 B = Non-inter-level travel time spent in this place.
 C = Inter-level travel time spent in this place.
 D = Time resting spent in this place.
 E = Time spent auto-exploring this place.
 F = Levels seen in this place.
 G = Mean time per level.
                   A        B        C        D        E       F      G
               +--------+--------+--------+--------+--------+-----+--------+
         Total |   8420 |   8025 |    395 |   2255 |   4261 |   9 |  935.6 |
       Dungeon |   7116 |   6721 |    395 |   1764 |   3788 |   8 |  889.5 |
         Sewer |   1303 |   1303 |      0 |    491 |    472 |   1 | 1303.0 |
               +--------+--------+--------+--------+--------+-----+--------+

Top non-repeatable levels by time:
     D:4: 2588 daAuts
     D:3: 1427 daAuts
   Sewer: 1303 daAuts
     D:1: 1103 daAuts
     D:5: 1040 daAuts
     D:2: 564 daAuts
     D:6: 346 daAuts
     D:8: 44 daAuts
     D:9: 1 daAuts
